 Dungeon Crawl Stone Soup version 0.24-a0-181-gd121a6d (webtiles) character file.

Game seed: 7789935566911939949

127 Kurtz the Cudgeler (level 4, -5/35 HPs)
             Began as a Mummy Chaos Knight on Mar 14, 2019.
             Was a Plaything of Xom.
             Shot with an arrow by a centaur (13 damage)
             ... on level 6 of the Dungeon.
             The game lasted 00:02:16 (3082 turns).

Kurtz the Cudgeler (Mummy Chaos Knight)             Turns: 3082, Time: 00:02:16

Health: -5/35      AC:  5    Str: 15    XL:     4   Next: 85%
Magic:  4/4        EV: 11    Int: 11    God:    Xom [..*...]
Gold:   112        SH:  0    Dex: 12    Spells: 3/3 levels left

rFire    x . .     SeeInvis .   a - +0 mace (chaos)
rCold    + . .     Gourm    .   (no shield)
rNeg     + + +     Faith    .   b - +2 leather armour
rPois    ∞         Spirit   .   (no helmet)
rElec    .         Reflect  .   (no cloak)
rCorr    +         Harm     .   (no gloves)
MR       .....                  (no boots)
Stlth    +.........             (no amulet)
HPRegen  0.11/turn              l - ring of resist corrosion
MPRegen  0.09/turn              (no ring)

@: no status effects
A: no food or potions, fire vulnerability, cold resistance 1, negative energy
resistance 3, torment resistance, unbreathing
a: Renounce Religion


You were on level 6 of the Dungeon.
You worshipped Xom.
You were a toy of Xom.
You were not hungry.

You visited 1 branch of the dungeon, and saw 4 of its levels.

You collected 112 gold pieces.

Inventory:

Hand Weapons
 a - a +0 mace of chaos (weapon)
 m - a +2 hunting sling of freezing
Missiles
 h - 3 javelins (quivered)
Armour
 b - a +2 leather armour (worn)
 e - a +0 shield
Jewellery
 l - a ring of resist corrosion (left hand)
Scrolls
 c - 3 scrolls of amnesia {unknown}
 d - 3 scrolls of identify {unknown}
 f - 2 scrolls of remove curse {unknown}
 g - a scroll of blinking {unknown}
 i - 2 scrolls of enchant weapon {unknown}
 j - 2 scrolls of teleportation {unknown}
 k - a scroll of magic mapping {unknown}


   Skills:
 - Level 3.0 Fighting
 * Level 4.4 Maces & Flails
 - Level 1.5 Armour
 - Level 0.7 Dodging
 * Level 1.0 Shields


You had 3 spell levels left.
You didn't know any spells.
Your spell library was empty.

Dungeon Overview and Level Annotations

Branches:
Dungeon (3/15)

Altars:
Ashenzari
Dithmenos
Qazlal
Vehumet
Wu Jian


Innate Abilities, Weirdness & Mutations

You do not eat or drink.
Your flesh is vulnerable to fire.
You are immune to poison.
Your flesh is cold resistant. (rC+)
You are immune to negative energy. (rN+++)
You are immune to unholy pain and torment.
You can survive without breathing.


Message History

The orc shouts!
The jelly quivers.
Unknown command.
A hound comes into view.
The quokka stops moving altogether!
A centaur comes into view.
The centaur wields a +0 shortbow.
The centaur shoots an arrow.
The arrow hits you!
* * * LOW HITPOINT WARNING * * *
You see here an arrow.
The centaur shoots an arrow.
The arrow barely misses you. The orc misses you.
A worker ant comes into view.
You see here an arrow.
The centaur shoots an arrow.
The arrow closely misses you.
Found 17 gold pieces.
There is a stone staircase leading down here.
You see here an arrow.
The centaur shoots an arrow.
The arrow hits you!
You die...
Xom chortles!

............# ..
##c.........##....
.............a...
##...h....##.[..
#.....r....J.....
##....o.....##....
.#......(....# ##
........(....#
.#....@o....#
$..#........## .
##......##
########


You could see a centaur, a hound, a jelly, 2 orcs and a quokka (petrified).

Vanquished Creatures
  5 adders
  An ooze (D:3)
  2 worms
  2 leopard geckos (D:1)
  An orc (D:3)
  3 giant cockroaches
  7 goblins
  6 hobgoblins
  12 jackals
  3 quokkas
  2 ball pythons
  6 bats
  6 frilled lizards
  7 kobolds
  4 rats
67 creatures vanquished.

Notes
Turn   | Place    | Note
-------+----------+-------------------------------------------
     0 | D:1      | Kurtz the Mummy Chaos Knight began the quest for the Orb.
     0 | D:1      | Reached XP level 1. HP: 18/18 MP: 1/1
   237 | D:1      | Reached skill level 3 in Maces & Flails
   237 | D:1      | Reached XP level 2. HP: 16/24 MP: 2/2
   442 | D:1      | XOM: silly message
   994 | D:1      | Reached XP level 3. HP: 26/29 MP: 3/3
  1111 | D:1      | XOM: cloud trail
  2136 | D:2      | Reached skill level 4 in Maces & Flails
  2136 | D:2      | Reached XP level 4. HP: 25/35 MP: 4/4
  2305 | D:2      | XOM: harmless Air miscast
  2601 | D:3      | Found a radiant altar of Vehumet.
  2601 | D:3      | Found an ornate altar of the Wu Jian Council.
  2602 | D:3      | Found a shadowy altar of Dithmenos.
  2609 | D:3      | Found a shattered altar of Ashenzari.
  2704 | D:3      | XOM: smoke on damage
  2795 | D:3      | XOM: smoke on damage
  2831 | D:3      | Reached skill level 1 in Shields
  2964 | D:3      | XOM: silly message
  3062 | D:3      | Found a stormy altar of Qazlal.
  3075 | D:3      | You fall through a shaft for 3 floors!
  3075 | D:6      | XOM: noise
  3075 | D:6      | XOM: enchant monster (good)
  3078 | D:6      | Noticed a centaur
  3082 | D:6      | Shot with an arrow by a centaur

Levels and vault maps discovered:
D:1:      ncdulo_halloftheorcs, layout_loops_ring, serial_co_window_serial,
          co_window_corner_a, co_window_corner_a, co_window_paths_a,
          co_window_of_opportunity_a, co_window_corner_a,
          co_window_of_opportunity_c, co_window_unsneaky_path_e,
          co_window_corner_ca, co_window_4corner_b, co_window_4corner_a,
          glass_columns_a, glass_columns_a, glass_columns_a, glass_columns_a
D:2:      layout_basic, minmay_heptomino_o4
D:3:      layout_rooms, grunt_qazlal_sundering,
          chequers_temple_overflow_statue_of_worship,
          gammafunk_ghost_necromancy, minmay_ogre_servants
D:6:      layout_rooms, kennysheep_little_box, minmay_temple_entry_offerings,
          tgw_trog, uniq_pikel, uniq_grinder

Skill      XL: |  1  2  3  4 |
---------------+-------------+-----
Maces & Flails | 3 4 |  4.4
Shields        | 1 |  1.0
Fighting       | |  3.0
Armour         | |  1.5
Dodging        | |  0.7

Action                   |  1- 3 |  4- 6 || total
-------------------------+-------+-------++-------
Melee: Mace              |   134 |    81 ||   215
Armor: Leather armour    |    73 |    30 ||   103
Dodge: Dodged            |   105 |    61 ||   166

Table legend:
 A = Non-vault XP
 B = Vault XP
 C = Vault XP percentage of total XP
 D = Non-vault monster count
 E = Vault monster count
 F = Vault count percentage of total count
                 A         B        C        D         E       F
            +---------+---------+-------+---------+---------+-------
      Total |     173 |       9 |   4.9 |      63 |       4 |   6.0
            +---------+---------+-------+---------+---------+-------
        D:1 |      43 |       0 |   0.0 |      25 |       0 |   0.0
        D:2 |      50 |       9 |  15.3 |      17 |       4 |  19.0
        D:3 |      80 |       0 |   0.0 |      21 |       0 |   0.0
            +---------+---------+-------+---------+---------+-------
